 Dungeon Crawl Stone Soup version 0.29.1-12-g30fa7ad0bf (webtiles) character file.

Game seed: 3294726450728980311

35 FexLirch the Digger (level 3, -3/26 HPs)
             Began as a Meteoran Earth Elementalist on Jan 2, 2023.
             Slain by a hobgoblin (6 damage)
             ... led by Robin
             ... on level 2 of the Dungeon.
             The game lasted 00:04:00 (296 turns).

FexLirch the Digger (Meteoran Earth Elementalist)    Turns: 296, Time: 00:04:00

Health: -3/26      AC:  2    Str: 10    XL:     3   Next: 76%
Magic:  1/8        EV: 12    Int: 18    God:
Gold:   0          SH:  0    Dex: 14    Spells: 2/8 levels left

rFire   . . .      SeeInvis .   e - +0 dagger
rCold   . . .      Faith    .   (no shield)
rNeg    . . .      Spirit   .   a - +0 robe
rPois   .          Reflect  .   (no helmet)
rElec   .          Harm     .   (no cloak)
rCorr   .          Rampage  .   (no gloves)
Will    .....                   (no boots)
Stlth   +.........              (no amulet)
HPRegen 0.08/turn               (no ring)
MPRegen 0.11/turn               (no ring)

@: brilliant, glowing
A: sense surroundings 1, otherworldly, glowing, explore regen
a: no special abilities


You were on level 2 of the Dungeon.
You visited 1 branch of the dungeon, and saw 2 of its levels.

Inventory:

Hand Weapons
 e - a +0 dagger (weapon)
Armour
 a - a +0 robe (worn)
 k - an orb of mayhem
Jewellery
 c - a ring of protection from fire
Scrolls
 g - a scroll of poison
 h - a scroll of acquirement {unknown}
 j - a scroll of vulnerability {unknown}
 m - a scroll of torment {unknown}
 n - a scroll of teleportation {unknown}
Potions
 b - a potion of magic
 d - a potion of heal wounds {unknown}
 i - a potion of curing {unknown}
 l - a potion of lignification {unknown}


   Skills:
 - Level 2.4 Dodging
 - Level 1.4 Stealth
 + Level 3.4 Spellcasting
 + Level 1.7 Conjurations
 - Level 1.2 Transmutations
 + Level 4.2 Earth Magic


You had 2 spell levels left.
You knew the following spells:

 Your Spells              Type           Power      Damage    Failure   Level
a - Sandblast             Erth           54%        2d13      2%          1
b - Passwall              Tmut/Erth      15%        N/A       8%          2
c - Stone Arrow           Conj/Erth      40%        3d9       14%         3

Your spell library contained the following spells:

 Spells                   Type           Power      Damage    Failure   Level
 Ozocubu's Armour         Ice            4%         N/A       43%         3
 Petrify                  Tmut/Erth      19%        N/A       45%         4
 Ozocubu's Refrigeration  Ice            2%         4d7       100%        7


Dungeon Overview and Level Annotations

Branches:
Dungeon (2/15) Zot: 887

Altars:

Annotations:
D:2 Robin, Sigmund


Innate Abilities, Weirdness & Mutations

You passively map a small area around you.
You are easily found by Zot.
You glow in the dark.
You regain HP and MP as you explore.


Message History

Okay, then.
Unknown command.
Unknown command.
Casting: Sandblast (safe; 2% risk of failure)
Confirm with . or Enter, or press ? or * to list all spells.
Aiming: Sandblast (safe; 2% risk of failure)
Press: ? - help, Shift-Dir - straight line, f - goblin
Aim: a goblin, wielding a +0 club (strong, 77% to hit)
The blast of sand hits the goblin!
You kill the goblin!
Casting: Sandblast (safe; 2% risk of failure)
Confirm with . or Enter, or press ? or * to list all spells.
Aiming: Sandblast (safe; 2% risk of failure)
Press: ? - help, Shift-Dir - straight line, f - hobgoblin
Aim: a hobgoblin (strong, 82% to hit)
The blast of sand misses the hobgoblin.
The hobgoblin hits you.
You see here a scroll labelled WEFEMU AKEHAO.
You aren't carrying any items that you can evoke.
Unknown command.
Unknown command.
Okay, then.
Unknown command.
Okay, then.
Unknown command.
Casting: Sandblast (safe; 2% risk of failure)
Confirm with . or Enter, or press ? or * to list all spells.
Aiming: Sandblast (safe; 2% risk of failure)
Press: ? - help, Shift-Dir - straight line, f/p - hobgoblin
Aim: a hobgoblin (strong, 82% to hit)
The blast of sand hits the hobgoblin but does no damage.
The hobgoblin hits you.
* * * LOW HITPOINT WARNING * * *
The hobgoblin hits you.
* * * LOW HITPOINT WARNING * * *
Okay, then.
Unknown command.
It was a potion of brilliance.
You feel clever all of a sudden. The hobgoblin hits you.
You die...

##.##...##...#(##.# ##≈≈≈≈≈≈≈
#.####.##..#..##.# ##≈≈≈≈≈≈≈≈ #.#
#.......###.# ##≈≈≈≈≈≈≈≈≈
#.####..#..### #.###≈≈≈≈≈≈≈≈≈≈
#.##........####.##≈≈≈≈≈≈≈≈≈≈≈
####.......)........#≈≈≈≈≈≈≈≈≈≈≈≈
#...<...)...........#≈≈≈≈≈≈≈≈≈≈≈≈
..##.....#.....###..#≈≈≈≈≈≈≈8..8≈
.....##.........@gg)')......$##..
#....#..........##.)'.......$##..
...#.....####.#g....#≈≈≈≈≈≈≈8..8≈
#.................w)#≈≈≈≈≈≈≈≈≈≈≈≈
###....#......#..)g.#≈≈≈≈≈≈≈≈≈≈≈≈
# ..(....####.......##≈≈≈≈≈≈≈≈≈≈≈
.,..##.#.# ........###≈≈≈≈≈≈≈≈≈≈
.##.. .#.# .......... ##≈≈≈≈≈≈≈≈≈
##,.. ## # ......##. ##≈≈≈≈≈≈≈≈


You could see Robin, a hobgoblin (strong) and a goblin (strong).

Vanquished Creatures
  An adder (D:2)
  2 ball pythons
  3 endoplasms
  12 goblins
  A hobgoblin (D:1)
  3 bats
  A frilled lizard (D:2)
  A rat (D:2)
24 creatures vanquished.

Notes
Turn   | Place    | Note
-------+----------+-------------------------------------------
     0 | D:1      | FexLirch the Meteoran Earth Elementalist began the quest
                  | for the Orb.
     0 | D:1      | Reached XP level 1. HP: 14/14 MP: 5/5
    34 | D:1      | Reached XP level 2. HP: 20/20 MP: 3/6
    38 | D:1      | Learned a level 2 spell: Passwall
   123 | D:2      | Reached skill level 1 in Conjurations
   202 | D:2      | Reached skill level 4 in Earth Magic
   218 | D:2      | Noticed Sigmund
   251 | D:2      | Reached XP level 3. HP: 26/26 MP: 4/8
   255 | D:2      | Learned a level 3 spell: Stone Arrow
   278 | D:2      | Noticed Robin
   296 | D:2      | Slain by a hobgoblin

Illustrated notes

Levels and vault maps discovered:
D:1:      heliophobic_arrival_ceremonial_halls, layout_basic,
          dreamdust_ecumenical_altar_statues, minmay_misc_feat_diagonals,
          serial_bayou_pond_a
D:2:      kennysheep_big_flooded_room, layout_rooms, dk_vineyard_2,
          grunt_ministairs_12, uniq_robin, uniq_sigmund

Skill      XL: |  1  2 |
---------------+-------+-----
Spellcasting   | 3 |  3.4
Conjurations   | 1 |  1.7
Earth Magic    | 4 |  4.2
Dodging        | |  2.4
Stealth        | |  1.4
Transmutations | |  1.2

Action                   || total
-------------------------++-------
 Cast: Sandblast         ||    32
       Passwall          ||     2
  Use: Scroll            ||     1
       Potion            ||     1
Dodge: Dodged            ||    10
